 Dungeon Crawl Stone Soup version 0.30-a0-651-g0755cc6dcf (webtiles) character file.

Game seed: 16038825174596070578

972 Caratheodory the Trooper (level 8, -5/57 HPs)
             Began as an Octopode Cinder Acolyte on Jan 17, 2023.
             Was an Elder of Ignis.
             Slain by a two-headed ogre
             ... wielding a +0 giant club
              (26 damage)
             ... on level 5 of the Dungeon.
             The game lasted 00:10:17 (3809 turns).

Caratheodory the Trooper (Octopode Cinder Acolyte)  Turns: 3809, Time: 00:10:17

Health: -5/57      AC:  1    Str: 19    XL:     8   Next: 16%
Magic:  7/9        EV: 13    Int: 19    God:    Ignis [****..]
Gold:   216        SH:  5    Dex:  7    Spells: 7/9 levels left

rFire   + . .      SeeInvis .      - Unarmed
rCold   + . .      Faith    .    (no shield)
rNeg    . . .      Spirit   .    (helmet restricted)
rPois   .          Reflect  +    b - amulet of reflection
rElec   .          Harm     .    l - ring of protection from cold
rCorr   +          Rampage  .    q - +6 ring of strength
Will    .....                    d - ring of resist corrosion
Stlth   ++                       (no ring)
HPRegen 0.29/turn                (no ring)
MPRegen 0.11/turn                (no ring)
                                 (no ring)
                                 (no ring)

@: no status effects
A: almost no armour, amphibious, 8 rings, camouflage 1, gelatinous body 1,
(nimble swimmer 1), tentacles
a: Renounce Religion, Fiery Armour, Foxfire Swarm, Rising Flame


You were on level 5 of the Dungeon.
You worshipped Ignis.
Ignis was greatly pleased with you.
You visited 1 branch of the dungeon, and saw 5 of its levels.

You collected 216 gold pieces.

Inventory:

Missiles
 m - 5 poisoned darts (quivered)
Jewellery
 b - an amulet of reflection (around mantle)
 d - a ring of resist corrosion (on tentacle)
 l - a ring of protection from cold (left tentacle)
 q - a +6 ring of strength (right tentacle)
Wands
 j - a wand of roots (9)
 p - a wand of mindburst (33)
 v - a wand of acid (7)
Scrolls
 a - a scroll of immolation {unknown}
 h - 2 scrolls of vulnerability
 n - 2 scrolls of torment {unknown}
 r - a scroll of blinking {unknown}
 s - 2 scrolls of silence {unknown}
 t - a scroll of teleportation {unknown}
 u - a scroll of magic mapping {unknown}
 y - 4 scrolls of identify
Potions
 c - a potion of cancellation {unknown}
 e - 2 potions of brilliance
 f - 2 potions of berserk rage
 g - 2 potions of heal wounds
 i - 3 potions of curing {unknown}
 k - 2 potions of mutation {unknown}
 o - a potion of lignification {unknown}
 w - a potion of ambrosia {unknown}
 x - a potion of haste {unknown}


   Skills:
 + Level 6.1 Fighting
 + Level 5.0 Dodging
 + Level 6.0 Unarmed Combat
 - Level 1.0 Spellcasting
 - Level 3.0 Fire Magic


You had 7 spell levels left.
You knew the following spells:

 Your Spells              Type           Power      Damage    Failure   Level
a - Scorch                Fire           24%        2d6       9%          2

Your spell library contained the following spells:

 Spells                   Type           Power      Damage    Failure   Level
 Call Imp                 Summ           0%         N/A       28%         2
 Teleport Other           Tloc           0%         N/A       50%         3
 Manifold Assault         Tloc           0%         N/A       88%         4
 Passage of Golubria      Tloc           0%         N/A       88%         4
 Dispersal                Tloc           0%         N/A       100%        6


Dungeon Overview and Level Annotations

Branches:
Dungeon (5/15)
 Temple: D:4-7

Altars:
Qazlal
Wu Jian


Innate Abilities, Weirdness & Mutations

You cannot wear most types of armour.
You are amphibious.
You can wear up to eight rings at the same time.
Your skin changes colour to match your surroundings (Stealth+).
Your rubbery body absorbs attacks. (AC +1, EV +1)
((You are camouflaged when in or above water. (Stealth+)))
You have tentacles for arms and can constrict up to eight enemies at once.


Message History

Aiming: Corrosive Bolt
Press: ? - help, Shift-Dir - straight line, f/p - two-headed ogre
Aim: a two-headed ogre, wielding two +0 giant clubs (poisoned, 86% to hit)
The bolt of acid hits the two-headed ogre!
The acid corrodes the two-headed ogre!
The two-headed ogre is lightly wounded.
Throw: 6 darts (poison)
Press: ? - help, Q - select action, (/) - cycle Shift-Dir - straight line, f/p - two-headed ogre
Aim: a two-headed ogre, wielding two +0 giant clubs (moderately wounded, poisoned, covered in acid, 72% to hit)
You throw a poisoned dart.
The poisoned dart barely misses the two-headed ogre.
Casting: Scorch (safe; 9% risk of failure)
Confirm with . or Enter, or press ? or * to list all spells.
Flames lash the two-headed ogre.
The two-headed ogre is moderately wounded.
The two-headed ogre's fire resistance burns away.
Aiming: Mindburst
Press: ? - help, Shift-Dir - straight line, f/p - two-headed ogre
Aim: a two-headed ogre, wielding two +0 giant clubs (moderately wounded, poisoned, more vulnerable to fire, covered in acid, chance to affect: 47%)
Okay, then.
Aiming: Corrosive Bolt
Press: ? - help, Shift-Dir - straight line, f/p - two-headed ogre
Aim: a two-headed ogre, wielding two +0 giant clubs (moderately wounded, poisoned, more vulnerable to fire, covered in acid, 86% to hit)
The bolt of acid hits the two-headed ogre!
The two-headed ogre is severely wounded.
You bludgeon the two-headed ogre!
The two-headed ogre is almost dead.
The two-headed ogre hits you with a +0 giant club!!
The two-headed ogre closely misses you.
You tentacle-slap the two-headed ogre.
Your squeeze misses the two-headed ogre.
The two-headed ogre is almost dead.
The two-headed ogre is no longer more vulnerable to fire.
You tentacle-slap the two-headed ogre.
Your squeeze misses the two-headed ogre.
The two-headed ogre is almost dead.
The two-headed ogre looks more healthy.
The two-headed ogre hits you with a +0 giant club!
The two-headed ogre hits you with a +0 giant club!!
You die...

............##........#
.........)............#
...........###.#......#
...........+..........#
...........###.#......#
......................#
..............#.......#
............#.#......##.#
..............#.@O......#
..............##..#.#####
#####.###.....###.$>.(.(.
#. ....#.# ######### ##
######.. ####


You could see a two-headed ogre (corroded).

Vanquished Creatures
  Sigmund (D:2)
  A sky beast (D:4)
  An ogre (D:5)
  A phantom (D:5)
  A gnoll sergeant (D:4)
  A necrophage (D:4)
  A howler monkey (D:4)
  A hound (D:4)
  A jelly (D:5)
  A gnoll bouda (D:4)
  2 iguanas (D:5)
  8 gnolls
  7 adders
  2 ufetubi
  A worm (D:3)
  3 dart slugs
  9 orcs
  4 bats
  4 endoplasms
  7 giant cockroaches
  12 hobgoblins
  6 jackals
  7 quokkas
  7 ball pythons
  5 frilled lizards
  6 goblins
  13 kobolds
  6 rats
119 creatures vanquished.

Vanquished Creatures (others)
  21 foxfires (D:2)
21 creatures vanquished.

Grand Total: 140 creatures vanquished

Notes
Turn   | Place    | Note
-------+----------+-------------------------------------------
     0 | D:1      | Caratheodory the Octopode Cinder Acolyte began the quest
                  | for the Orb.
     0 | D:1      | Reached XP level 1. HP: 16/16 MP: 2/2
   235 | D:1      | Reached XP level 2. HP: 20/21 MP: 3/3
   240 | D:1      | Learned a level 2 spell: Scorch
   362 | D:1      | Reached skill level 1 in Dodging
   621 | D:1      | Reached XP level 3. HP: 26/26 MP: 4/4
   777 | D:2      | Noticed Sigmund
   783 | D:2      | Killed Sigmund
   784 | D:2      | Reached XP level 4. HP: 34/34 MP: 5/5
   784 | D:2      | Reached XP level 5. HP: 38/38 MP: 6/6
  1025 | D:2      | Reached XP level 6. HP: 44/44 MP: 7/7
  1304 | D:3      | Found a stormy altar of Qazlal.
  1355 | D:3      | Found an ornate altar of the Wu Jian Council.
  1725 | D:3      | Got the Incunable of the Hyperbolic Gathering
  2203 | D:4      | Reached skill level 5 in Fighting
  2229 | D:4      | Reached skill level 5 in Unarmed Combat
  2394 | D:4      | Reached XP level 7. HP: 49/49 MP: 8/8
  3444 | D:5      | Entered Level 5 of the Dungeon
  3541 | D:5      | Reached XP level 8. HP: 38/57 MP: 4/9
  3707 | D:5      | Reached skill level 5 in Dodging
  3800 | D:5      | Noticed a two-headed ogre
  3809 | D:5      | Slain by a two-headed ogre

Illustrated notes

Levels and vault maps discovered:
D:1:      reono_arrival_forest_river, layout_basic
D:2:      layout_rooms, chequers_serial_rivers_micro_c, uniq_sigmund
D:3:      layout_rooms, mainiacjoe_overflow_boulevard, lemuel_crystal_altar,
          minivault_25, minmay_circle_x
D:4:      layout_basic
D:5:      lemuel_castle_with_subvaults [lemuel_castle_interior_carwin_2],
          layout_basic, uniq_duvessa

Skill      XL: |  1  2  3  4  5  6  7  8 |
---------------+-------------------------+-----
Dodging        | 1 2 3 4 5 |  5.0
Fighting       | 4 5 6 |  6.1
Unarmed Combat | 4 5 6 |  6.0
Spellcasting   | |  1.0
Fire Magic     | |  3.0

Action                   |  1- 3 |  4- 6 |  7- 9 || total
-------------------------+-------+-------+-------++-------
Melee: Unarmed           |    63 |   150 |    74 ||   287
       Constrict         |    15 |    38 |    13 ||    66
       Tentacles         |     4 |    29 |    14 ||    47
       Punch             |       |     8 |     4 ||    12
Throw: Dart              |       |       |     2 ||     2
 Cast: Scorch            |       |     2 |    13 ||    15
Invok: Foxfire Swarm     |     1 |       |       ||     1
       Fiery Armour      |       |     1 |     1 ||     2
Evoke: Wand              |       |       |     2 ||     2
  Use: Scroll            |       |     4 |       ||     4
       Potion            |       |     1 |       ||     1
 Stab: Sleeping          |     1 |     4 |     1 ||     6
Armor: Skin              |     3 |     8 |     2 ||    13
Dodge: Dodged            |    25 |    64 |    30 ||   119
Block: Other             |     6 |    32 |     5 ||    43
       Reflection        |       |     3 |       ||     3

Table legend: (Time is in decaauts)
 A = Elapsed time spent in this place.
 B = Non-inter-level travel time spent in this place.
 C = Inter-level travel time spent in this place.
 D = Time resting spent in this place.
 E = Time spent auto-exploring this place.
 F = Levels seen in this place.
 G = Mean time per level.
                   A        B        C        D        E       F      G
               +--------+--------+--------+--------+--------+-----+--------+
         Total |   3785 |   3702 |     83 |      0 |   2849 |   5 |  757.0 |
       Dungeon |   3785 |   3702 |     83 |      0 |   2849 |   5 |  757.0 |
               +--------+--------+--------+--------+--------+-----+--------+

Top non-repeatable levels by time:
     D:4: 1202 daAuts
     D:3: 966 daAuts
     D:1: 716 daAuts
     D:2: 539 daAuts
     D:5: 361 daAuts
